 Dungeon Crawl Stone Soup version 0.22.1 (webtiles) character file.

217 PaladinM the Slasher (level 6, -5/44 HPs)
             Began as a Human Warper on Sept 17, 2018.
             Killed from afar by an orc wizard (8 damage)
             ... with a puff of frost
             ... on level 4 of the Dungeon.
             The game lasted 00:10:04 (4043 turns).

PaladinM the Slasher (Human Warper)                 Turns: 4043, Time: 00:10:05

Health: -5/44      AC:  5    Str: 12    XL:     6   Next: 16%
Magic:  3/8        EV: 12    Int: 13    God:
Gold:   72         SH:  0    Dex: 14    Spells: 5/9 levels left

rFire    . . .     SeeInvis .   l - +0 dagger (protect)
rCold    . . .     Gourm    .   (no shield)
rNeg     . . .     Faith    .   b - +0 leather armour
rPois    .         Spirit   .   (helmet restricted)
rElec    .         Reflect  .   p - +0 cloak
rCorr    .         Harm     .   k - +0 pair of gloves
MR       .....                  (no boots)
Stlth    +.........             (no amulet)
HPRegen  0.14/turn              (no ring)
MPRegen  0.11/turn              (no ring)

@: very slightly contaminated
A: antennae 1, low mp 1, evolution 1
a: no special abilities


You were on level 4 of the Dungeon.
You were hungry.

You visited 1 branch of the dungeon, and saw 4 of its levels.

You collected 72 gold pieces.

Inventory:

Hand Weapons
 a - a +1 falchion
 l - a +0 dagger of protection (weapon)
Missiles
 e - 5 tomahawks of dispersal (quivered)
Armour
 b - a +0 leather armour (worn)
 k - a +0 pair of gloves (worn)
 p - a +0 cloak (worn)
Wands
 q - a wand of iceblast (2)
Scrolls
 d - a scroll of blinking
 h - a scroll of identify {unknown}
 j - 2 scrolls of magic mapping {unknown}
 m - 2 scrolls of enchant weapon
 n - a scroll of random uselessness {unknown}
 o - 2 scrolls of remove curse
 t - a scroll of enchant armour {unknown}
Potions
 c - a potion of resistance
 g - a potion of flight {unknown}
 i - 3 potions of haste
 r - a potion of mutation
Comestibles
 f - 4 rations


   Skills:
 - Level 2.0 Fighting
 + Level 6.0 Long Blades
 - Level 1.0 Throwing
 - Level 1.0 Armour
 - Level 2.0 Dodging
 - Level 2.0 Spellcasting
 - Level 3.0 Translocations


You had 5 spell levels left.
You knew the following spells:

 Your Spells              Type           Power        Failure   Level  Hunger
a - Shroud of Golubria    Chrm/Tloc      #.........   26%         2    ###....
b - Blink                 Tloc           N/A          14%         2    ###....

Your spell library contained the following spells:

 Spells                   Type           Power        Failure   Level  Hunger
 Gell's Gravitas          Tloc           #.........   28%         3    ####...
 Lesser Beckoning         Tloc           #.........   28%         3    ####...
 Teleport Other           Tloc           #.......     28%         3    ####...
 Passage of Golubria      Tloc           N/A          67%         4    #####..


Dungeon Overview and Level Annotations

Branches:
Dungeon (4/15)
 Temple: D:4-7

Altars:

Annotations:
D:2 Sigmund


Innate Abilities, Weirdness & Mutations

You have a pair of small antennae on your head.
Your magical capacity is low. (-10% MP)
You evolve.


Message History

The ogre hits you with a giant spiked club!
You barely miss the ogre.
The ogre is lightly wounded.
The ogre closely misses you.
You hit the ogre but do no damage.
The ogre is lightly wounded.
You hit the ogre.
The ogre is lightly wounded.
The orc wizard casts a spell.
The orc wizard flickers and vanishes!
Deactivating autopickup; reactivate with Ctrl-A.
The ogre hits you with a giant spiked club!!
Ouch! That really hurt!
* * * LOW HITPOINT WARNING * * *
Found an escape hatch in the floor.
There is an escape hatch in the floor here.
You hear some strange, mumbled words.
A puff of frost appears from out of thin air!
The puff of frost hits you!
You die...

#.#.. #.#..#
..#..# #####
###. #... #
...#######.# .#
...........##.#
###..>.O....#
#......{#.####.#
#.###.##.@.....#
#.##############
#{##.....####
#.#.......#.#
#.....<.....#
#..8.....8..#
#...........#.
#....8.8......
##.........#


There were no monsters in sight!

Vanquished Creatures
  An orc wizard (D:4)
  Ijyb (D:3)
  A worker ant (D:3)
  5 adders
  2 worms
  3 dart slugs
  2 leopard geckos
  11 orcs
  2 ball pythons (D:3)
  3 giant cockroaches
  5 goblins
  2 hobgoblins
  2 jackals (D:3)
  11 bats
  7 frilled lizards
  11 kobolds
  12 rats
81 creatures vanquished.

Notes
Turn   | Place    | Note
-------+----------+-------------------------------------------
     0 | D:1      | PaladinM the Human Warper began the quest for the Orb.
     0 | D:1      | Reached XP level 1. HP: 16/16 MP: 3/3
    95 | D:1      | Reached XP level 2. HP: 13/22 MP: 5/5
   217 | D:1      | Learned a level 2 spell: Shroud of Golubria
   220 | D:1      | Learned a level 2 spell: Blink
   467 | D:1      | Reached skill level 3 in Long Blades
   862 | D:1      | Reached XP level 3. HP: 17/27 MP: 6/6
  1468 | D:2      | Reached skill level 4 in Long Blades
  1468 | D:2      | Reached XP level 4. HP: 17/33 MP: 3/7
  1929 | D:2      | Noticed Sigmund
  1967 | D:3      | Noticed Ijyb
  2082 | D:3      | Killed Ijyb
  2082 | D:3      | Reached XP level 5. HP: 13/38 MP: 4/8
  2290 | D:3      | Reached skill level 5 in Long Blades
  3116 | D:4      | Noticed a phantom
  3167 | D:4      | Gained mutation: You have a pair of small antennae on your
                  | head. [potion of mutation]
  3167 | D:4      | Gained mutation: Your magical capacity is low. (-10% MP)
                  | [potion of mutation]
  3167 | D:4      | Gained mutation: You evolve. [potion of mutation]
  3571 | D:3      | Reached XP level 6. HP: 15/44 MP: 4/8
  4015 | D:4      | Noticed an ogre
  4016 | D:4      | Reached skill level 6 in Long Blades
  4034 | D:4      | HP: 2/44 [ogre/giant spiked club (23)]
  4043 | D:4      | Killed from afar by an orc wizard

Skill      XL: |  1  2  3  4  5  6 |
---------------+-------------------+-----
Long Blades    | 3 4 5 6 |  6.0
Fighting       | |  2.0
Throwing       | |  1.0
Armour         | |  1.0
Dodging        | |  2.0
Spellcasting   | |  2.0
Translocations | |  3.0

Action                   |  1- 3 |  4- 6 || total
-------------------------+-------+-------++-------
Melee: Falchion          |    76 |    60 ||   136
       Dagger            |    66 |   364 ||   430
 Cast: Shroud of Golubri |     2 |    15 ||    17
  Use: Potion            |       |     4 ||     4
       Scroll            |       |     2 ||     2
  Eat: Chunk             |     1 |     4 ||     5
       Ration            |       |     2 ||     2
Armor: Leather armour    |    49 |   174 ||   223
Dodge: Dodged            |    99 |   274 ||   373
       Rpst.: Falchion   |    23 |    17 ||    40
